 Dungeon Crawl Stone Soup version 0.32-a0-450-g080537f31e (webtiles) character file.

Game seed: 8547041096512623803

8611 Dittersdorf the Fighter (level 11, -2/72 HPs)
             Began as a Gargoyle Fighter on Feb 23, 2024.
             Was an Initiate of Gozag.
             Slain by an angel
             ... wielding a +2 whip of holy wrath
              (15 damage)
             ... on level 2 of the Abyss.
             The game lasted 00:13:23 (11050 turns).

Dittersdorf the Fighter (Gargoyle Fighter)         Turns: 11050, Time: 00:13:23

Health: -2/72      AC: 22    Str: 24    XL:     11   Next: 33%
Magic:  11/11      EV: 14    Int:  9    God:    Gozag
Gold:   1982       SH:  6    Dex: 15    Spells: 10/10 levels left

rFire   + + .        A - +10 flail of the Stork {pain, rPois rF+ Stlth+}
rCold   . . .        c - +0 buckler
rNeg    + . .        x - +2 scale mail {rF+}
rPois   ∞            (no helmet)
rElec   +            D - +0 cloak
rCorr   .            b - +0 pair of gloves
SInv    .            n - +0 pair of boots
Will    .....        s - amulet of regeneration
Stlth   +            E - +6 ring of dexterity
HPRegen 1.12/turn    y - +5 ring of evasion
MPRegen 0.12/turn

%: no passive effects
@: mighty, about to teleport, glowing, studying Long Blades
A: sickness immunity, AC +8, negative energy resistance 1, electricity
resistance, torment resistance 1, petrification resistance
a: Renounce Religion, Potion Petition, Call Merchant, Bribe Branch


You were on level 2 of the Abyss.
You worshipped Gozag.
Gozag was most pleased with you.
You visited 2 branches of the dungeon, and saw 11 of its levels.
You visited the Abyss 1 time.
You also visited: Sewer.

You collected 2094 gold pieces.
You paid 112 gold pieces to Gozag.

Inventory:

Hand Weapons
 A - the +10 flail of the Stork (weapon) {pain, rPois rF+ Stlth+}
   (You took it off an orc on level 5 of the Dungeon)

   rF+:       It protects you from fire.
   rPois:     It protects you from poison Stlth+: It makes you more stealthy.
 B - a +0 morningstar
Missiles
 i - a curare-tipped dart
 z - a throwing net
Armour
 b - a +0 pair of gloves (worn)
 c - a +0 buckler (worn)
 n - a +0 pair of boots (worn)
 q - the +0 plate armour of Dim Light {-Tele rC+ rN+ Dex+2}
   (You found it on level 7 of the Dungeon)

   Dex+2:     It affects your dexterity (+2).
   rC+:       It protects you from cold.
   rN+:       It protects you from negative energy.
   -Tele:     It prevents most forms of teleportation.
 x - a +2 scale mail of fire resistance (worn)
 D - a +0 cloak (worn)
Jewellery
 e - a ring of ice
 h - a ring of protection from cold
 p - a ring of positive energy
 s - an amulet of regeneration (around neck)
 y - a +5 ring of evasion (right hand)
 C - a ring of positive energy
 E - a +6 ring of dexterity (left hand)
Wands
 r - a wand of iceblast (2) (quivered)
Scrolls
 a - 2 scrolls of fog
 o - a scroll of fear
 t - 2 scrolls of poison
 v - a scroll of teleportation
Potions
 d - 2 potions of might
 f - 5 potions of heal wounds
 g - a potion of haste
 j - 3 potions of brilliance
 k - 2 potions of mutation
 l - 2 potions of curing
 m - a potion of ambrosia
 u - 4 potions of enlightenment
 w - 3 potions of magic


   Skills:
 + Level 9.6 Fighting
 + Level 8.5 Maces & Flails
 + Level 9.6 Armour
 + Level 9.6 Shields
 + Level 4.5 Necromancy


You had 10 spell levels left.
You didn't know any spells.
Your spell library contained the following spells:

 Spells                   Type           Power      Damage    Failure   Level
 Magic Dart               Conj           0%         1d3       69%         1
 Sandblast                Erth           0%         2d4       69%         1
 Sting                    Conj/Alch      0%         1d3       69%         1
 Mercury Vapours          Alch/Air       0%         N/A       83%         2
 Searing Ray              Conj           0%         2d4       83%         2
 Passwall                 Erth           0%         N/A       96%         3
 Stone Arrow              Conj/Erth      0%         3d7       96%         3
 Volatile Blastmotes      Fire/Tloc      0%         2d10      96%         3
 Brom's Barrelling Bould  Conj/Erth      0%         2d3       100%        4
 Fulminant Prism          Conj/Alch      0%         3d5       100%        4
 Iskenderun's Mystic Bla  Conj/Tloc      0%         2d3       100%        4
 Olgreb's Toxic Radiance  Alch           0%         N/A       100%        4


Dungeon Overview and Level Annotations

Branches:
Dungeon (10/15)            Temple (1/1) D:4            Lair (0/5) D:10
  Sewer (visited)
    Orc: D:9-12

Altars:
Ashenzari
Cheibriados
Dithmenos
Elyvilon
Fedhas
Gozag
Hepliaklqana
Kikubaaqudgha
Makhleb
Nemelex Xobeh
Okawaru
Qazlal
Ru
Sif Muna
Trog
Uskayaw
Vehumet
Wu Jian
Xom
Yredelemnul
Zin
The Shining One

Shops:
D:3 :

Annotations:
D:4 3 runed translucent doors, Dittersdorf's ghost, amateur GrFi
D:10 exclusion: oklob plant, Psyche


Innate Abilities, Weirdness & Mutations

You are immune to sickness and miasma.
Your stone body is resilient. (AC +8)
You are immune to poison.
You resist negative energy. (rN+)
You are resistant to electric shocks. (rElec)
You are resistant to unholy torment.
You are immune to petrification.


Message History

The thrashing horror tramples you but does no damage. x2
The thrashing horror attacks as it pursues you!
The thrashing horror tramples you but does no damage. x2
You block the thrashing horror's attack.
The thrashing horror closely misses you.
The thrashing horror barely misses you.
You block the thrashing horror's attack.
The thrashing horror closely misses you.
The thrashing horror barely misses you. The thrashing horror tramples you!
* * * LOW HITPOINT WARNING * * *
You stumble backwards!
As you read the scroll of teleportation, it crumbles to dust.
You feel strangely unstable.
You feel the power of the Abyss delaying your translocation!
The thrashing horror tramples you.
* * * LOW HITPOINT WARNING * * *
You stumble backwards!
The thrashing horror tramples you but does no damage. x2
The thrashing horror tramples you!
* * * LOW HITPOINT WARNING * * *
You hold your ground!
The thrashing horror barely misses you. The thrashing horror tramples you.
* * * LOW HITPOINT WARNING * * *
You stumble backwards!
An angel comes into view. It is wielding a +2 whip of holy wrath.
The angel shouts!
The thrashing horror attacks as it pursues you!
You block the thrashing horror's attack.
The thrashing horror completely misses you.
You block the thrashing horror's attack.
The thrashing horror tramples you but does no damage.
You block the thrashing horror's attack.
The thrashing horror closely misses you.
You block the thrashing horror's attack.
The thrashing horror tramples you but does no damage.
The thrashing horror tramples you but does no damage. x2
The angel hits you but does no damage. x2
The angel hits you with a +2 whip of holy wrath!
You die...
Your body crumbles into a pile of gold.

.#. L.. ..
..## #.##...
# #.#..####..
##
#...##....#
..#.......#
.....X.....##
#.### #..AX##
##@#...#
#...#...#
##..##...#
.##. .#.§# ..
# .#.. ..#
#.## ##§ ..


You could see an angel and 2 thrashing horrors.

Vanquished Creatures
  Jeremiah (D:8)
  A troll (D:9)
  Grinder (D:5)
  A shadow (D:10)
  A wraith (D:7)
  2 wyverns
  An unseen horror simulacrum (D:8)
  5 yaks (D:8)
  2 vampire mosquitoes (D:10)
  3 water moccasins (D:7)
  5 orc warriors
  4 black bears
  An ice beast (D:5)
  A sky beast (D:6)
  2 wolves (D:8)
  4 centaurs
  7 phantoms (D:7)
  2 kobold brigands
  A bullfrog (D:9)
  7 scorpions
  17 wights
  18 killer bees
  2 electric eels (D:8)
  4 howler monkeys
  2 bombardier beetles (D:5)
  4 centaur zombies (D:7)
  3 hounds
  Crazy Yiuf (D:4)
  6 orc priests
  Jessica (D:2)
  An iguana (D:6)
  8 sleepcaps (D:7)
  5 orc wizards
  3 scorpion zombies (D:7)
  Terence (D:2)
  2 killer bee zombies (D:7)
  A killer bee simulacrum (D:8)
  8 adders
  A river rat (Sewer)
  11 shadow imps
  7 white imps
  2 howler monkey simulacra (D:8)
  2 ufetubi (D:7)
  4 dart slugs
  2 ribbon worms
  37 orcs
  7 ball pythons
  10 bats
  7 endoplasms
  6 giant cockroaches
  10 hobgoblins
  8 jackals
  5 quokkas
  7 frilled lizards
  4 goblins
  16 kobolds
  11 rats
296 creatures vanquished.

Notes
Turn   | Place    | Note
-------+----------+-------------------------------------------
     0 | D:1      | Dittersdorf the Gargoyle Fighter began the quest for the
                  | Orb.
     0 | D:1      | Reached XP level 1. HP: 14/14 MP: 1/1
    88 | D:1      | Reached XP level 2. HP: 17/19 MP: 2/2
   172 | D:1      | Reached XP level 3. HP: 15/23 MP: 3/3
   281 | D:1      | Found a faded altar of an unknown god.
  1016 | D:2      | Reached XP level 4. HP: 29/29 MP: 4/4
  1252 | D:2      | Found an ancient bone altar of Kikubaaqudgha.
  1253 | D:2      | Noticed Terence
  1264 | D:2      | Killed Terence
  1515 | D:2      | Noticed Jessica
  1526 | D:2      | Killed Jessica
  1527 | D:2      | Reached XP level 5. HP: 33/33 MP: 5/5
  1769 | D:3      | Found Xaqous's Book Shop.
  1861 | D:3      | Found a sacrificial altar of Ru.
  2135 | D:3      | Found a stormy altar of Qazlal.
  2431 | D:4      | Found an ornate altar of the Wu Jian Council.
  2436 | D:4      | Noticed a centaur
  2455 | D:4      | Killed a centaur
  2456 | D:4      | Reached XP level 6. HP: 24/39 MP: 6/6
  2517 | D:4      | Found a staircase to the Ecumenical Temple.
  2580 | Temple   | Entered the Ecumenical Temple
  2884 | D:4      | Found a runed translucent gate.
  2885 | D:4      | Found a runed translucent gate.
  2885 | D:4      | Found a runed translucent gate.
  2887 | D:4      | Noticed Dittersdorf's ghost (amateur GrFi)
  3194 | D:4      | Found a runed translucent door.
  3197 | D:4      | Noticed Crazy Yiuf
  3201 | D:4      | Paralysed by Crazy Yiuf for 1 turns
  3203 | D:4      | Killed Crazy Yiuf
  3336 | D:5      | Entered Level 5 of the Dungeon
  3363 | D:5      | Found an opulent altar of Gozag.
  3473 | D:5      | Became a worshipper of Gozag Ym Sagoz the Greedy
  3495 | D:5      | Identified the +0 leather armour of Untold Secrets {Harm
                  | rF+ Str+3 Dex+4}
  3504 | D:5      | Noticed Grinder
  3512 | D:5      | Paralysed by Grinder for 5 turns
  3520 | D:5      | Paralysed by Grinder for 3 turns
  3529 | D:5      | Paralysed by Grinder for 4 turns
  3533 | D:5      | Killed Grinder
  3534 | D:5      | Reached skill level 5 in Fighting
  3534 | D:5      | Reached skill level 5 in Armour
  3534 | D:5      | Reached skill level 5 in Shields
  3534 | D:5      | Reached XP level 7. HP: 43/44 MP: 7/7
  3606 | D:5      | Found a burning altar of Makhleb.
  4057 | D:5      | Reached XP level 8. HP: 51/51 MP: 8/8
  4208 | D:6      | Found a glowing drain.
  4250 | Sewer    | Entered a sewer
  4436 | Sewer    | Found a white marble altar of Elyvilon.
  4622 | D:6      | Reached skill level 5 in Maces & Flails
  4680 | D:6      | Identified the +10 flail of the Stork {pain, rPois rF+
                  | Stlth+}
  5591 | D:6      | Found a snail-covered altar of Cheibriados.
  6400 | D:6      | Found a snail-covered altar of Cheibriados.
  6444 | D:6      | Reached XP level 9. HP: 56/56 MP: 9/9
  7035 | D:7      | Reached skill level 1 in Necromancy
  7278 | D:7      | Reached XP level 10. HP: 62/64 MP: 10/10
  8130 | D:7      | Identified the +0 plate armour of Dim Light {-Tele rC+ rN+
                  | Dex+2}
  8594 | D:8      | Found an iron altar of Okawaru.
  8691 | D:8      | Noticed Jeremiah
  8812 | D:8      | Killed Jeremiah
  9119 | D:8      | Identified the +0 ring mail of Restlessness {rPois Dex-4
                  | Slay+3}
  9519 | D:9      | Reached XP level 11. HP: 71/71 MP: 11/11
 10300 | D:10     | Entered Level 10 of the Dungeon
 10306 | D:10     | Identified the +5 hand axe "Abbete" {protect, Dex+2}
 10440 | D:10     | Noticed an oklob plant
 10490 | D:10     | Found a glowing golden altar of the Shining One.
 10593 | D:10     | Found a staircase to the Lair.
 10789 | D:10     | Found a glowing silver altar of Zin.
 10980 | D:10     | Noticed Psyche
 10990 | Abyss:2  | Found a corrupted altar of Lugonu.
 10990 | Abyss:2  | Cast into level 2 of the Abyss (Psyche)
 11015 | Abyss:2  | Found a corrupted altar of Lugonu.
 11030 | Abyss:2  | Noticed a thrashing horror
 11030 | Abyss:2  | Noticed a thrashing horror
 11043 | Abyss:2  | Noticed a lich
 11046 | Abyss:2  | Noticed an angel
 11050 | Abyss:2  | Slain by an angel

Illustrated notes

Levels and vault maps discovered:
D:1:      ncdulo_smallfort, layout_basic,
          shapermc_ecumenical_altar_totnotflames, nicolae_figureground_sparkle
D:2:      layout_basic, basic_altar, chequers_serial_rivers_small_b,
          uniq_jessica, uniq_terence
D:3:      layout_loops_ring, lemuel_doored_altar,
          mainiacjoe_overflow_small_starburst, serial_shops, shop_fountains,
          dreamdust_mushroom_princess
D:4:      layout_loops_ring, overflow_temple_1_default,
          minmay_temple_entry_sparse_star, ebering_ghost_rock_garden,
          uniq_crazy_yiuf_cottage
D:5:      layout_loops_ring, mainiacjoe_overflow_paths,
          makhleb_heckhound_becter, uniq_grinder
D:6:      layout_basic, mainiacjoe_overflow_alcove_2, gup_sewer_entry_pipe
D:7:      bobbens_index_wilting_gardens, layout_rooms, kennysheep_path_1
D:8:      layout_gridville, okawaru_ov_weapons_minmay, serial_ice, serial_ice_d,
          serial_ice_k, serial_ice_h, serial_ice_g, minivault_14, uniq_jeremiah
D:9:      layout_loops_ring
D:10:     layout_long_grid, tso_oasis_becter, zin_academy, dpeg_oklobed_lair,
          uniq_psyche
Temple:   oiseaux_autumnal_temple
Abyss:2:  base: D:7, evilmike_abyss_exit_vortex

Skill      XL: |  1  2  3  4  5  6  7  8  9 10 |
---------------+-------------------------------+-----
Fighting       | 4 5 6 8 9 |  9.6
Armour         | 4 5 6 8 9 |  9.6
Shields        | 4 5 6 8 9 |  9.6
Maces & Flails | 3 4 5 7 8 |  8.5
Necromancy     | 2 4 |  4.5

Action                     |  1- 3 |  4- 6 |  7- 9 | 10-12 || total
---------------------------+-------+-------+-------+-------++-------
  Melee: Flail             |   123 |   158 |   182 |   354 ||   817
         Mace              |       |    33 |   169 |       ||   202
  Evoke: Wand              |       |       |       |     1 ||     1
    Use: Scroll            |       |     6 |     8 |     6 ||    20
         Potion            |       |       |       |     1 ||     1
   Stab: Distracted        |       |       |     1 |     1 ||     2
 Armour: Scale mail        |   117 |   122 |   384 |   257 ||   880
         Skin              |       |       |       |     2 ||     2
  Dodge: Dodged            |    87 |   103 |   246 |   170 ||   606
  Block: Buckler           |    40 |    64 |   120 |   111 ||   335

Table legend: (Time is in decaauts)
 A = Elapsed time spent in this place.
 B = Non-inter-level travel time spent in this place.
 C = Inter-level travel time spent in this place.
 D = Time resting spent in this place.
 E = Time spent auto-exploring this place.
 F = Levels seen in this place.
 G = Mean time per level.
                   A        B        C        D        E       F      G
               +--------+--------+--------+--------+--------+-----+--------+
         Total |  11276 |  10601 |    675 |    591 |   7518 |  13 |  867.4 |
       Dungeon |  10901 |  10226 |    675 |    570 |   7354 |  10 | 1090.1 |
        Temple |      1 |      1 |      0 |      0 |      0 |   1 |    1.0 |
         Abyss |     58 |     58 |      0 |     21 |      0 |   1 |   58.0 |
         Sewer |    314 |    314 |      0 |      0 |    163 |   1 |  314.0 |
               +--------+--------+--------+--------+--------+-----+--------+

Top non-repeatable levels by time:
     D:6: 2257 daAuts
     D:7: 1516 daAuts
     D:8: 1191 daAuts
     D:5: 1011 daAuts
     D:4: 958 daAuts
     D:2: 924 daAuts
     D:1: 831 daAuts
     D:9: 819 daAuts
     D:3: 701 daAuts
    D:10: 688 daAuts
   Sewer: 314 daAuts
 Abyss:2: 58 daAuts
  Temple: 1 daAuts
